[Event "*** Titled Tuesday Blitz"]
[Site "Chess.com"]
[Date "2020.11.03"]
[Round "10"]
[White "Sokoloco"]
[Black "ChronicUnhappiness"]
[Result "0-1"]
[WhiteElo "2432"]
[BlackElo "2368"]
[TimeControl "180+1"]
[EndTime "12:00:04 PST"]
[Termination "ChronicUnhappiness won by checkmate"]

1. b3 Nf6 2. Bb2 e6 3. e3 b6 4. f4 Bb7 5. Nf3 c5 6. c4 Be7 7. d4 d5 8. Bd3 dxc4 9. bxc4 O-O 10. O-O Nc6 11. Kh1 Rc8 12. Nc3 g6 13.
Ne2 Nb4 14. a3 Nxd3 15. Qxd3 cxd4 16. exd4 Bxf3 17. Rxf3 Qc7 18. Rc1 Rfd8 19. Ng3 Qc6 20. Re3 Rd7 21. d5 exd5 22. cxd5 Qxc1+ 23. Bxc1 Rxc1+ 24. Nf1 Rxd5 25. Qe2 Rdd1 26. Rf3 Bc5 27. h3 Nd5 28.
Kh2 Re1 29. Qd3 Rcd1 30. Nd2 Ne3 31. Rxe3 Rxe3 32. Qd8+ Kg7 33. Qd5 Re2 34. Qc4 Rdxd2 35. Qc3+ Bd4 36. Qf3 Rxg2+ 37. Qxg2 Rxg2+ 38. Kxg2 b5 39. Kf3 Bb2 40. Ke4 Bxa3 41. Kd5 a5 42. Kc6 b4 43.
Kd5 Kf6 44. Kc4 a4 45. Kb5 b3 46. Kxa4 b2 47. Kxa3 b1=Q 48. h4 Ke6 49. h5 Kd5 50.
hxg6 hxg6 51. f5 Kc4 52. fxg6 Qb3# 0-1

[Event "*** Titled Tuesday Blitz"]
[Site "Chess.com"]
[Date "2020.11.03"]
[Round "10"]
[White "Vyacheslav_N"]
[Black "TheCairnTerrier"]
[Result "1-0"]
[WhiteElo "2302"]
[BlackElo "2180"]
[TimeControl "180+1"]
[EndTime "12:00:04 PST"]
[Termination "Vyacheslav_N won by resignation"]

1. e4 c5 2. Nf3 e6 3. c4 d6 4. d4 cxd4 5. Nxd4 Nf6 6. Nc3 Qb6 7. Be2 Nc6 8. Ndb5 Ne5 9. Be3 Qd8 10. f4 Ng6 11. O-O a6 12. Nd4 Qc7 13. Rc1 Bd7 14.
f5 Ne5 15. fxe6 fxe6 16. b3 Be7 17. h3 O-O 18. g4 Bc6 19. Qc2 Qd7 20. g5 Ne8 21. Bg4 Nc7 22. Nd5 Nxg4 23. Nxe7+ Qxe7 24. hxg4 Rxf1+ 25. Rxf1 Rf8 26. Rxf8+ Qxf8 27. Nxc6 bxc6 28. Qf2 Qxf2+ 29. Kxf2 e5 30. b4 Kf7 31. a4 Ke6 32.
Bb6 Ne8 33. Ke3 h6 34. Bd8 hxg5 35. Bxg5 Nf6 36. Bxf6 gxf6 37. b5 Kd7 38. bxa6 Kc7 39. Kd3 Kb6 40. c5+ dxc5 41. Kc4 Kxa6 42. Kxc5 Ka5 43.
Kxc6 Kxa4 44. Kd6 Kb4 45. Ke6 Kc4 46. Kxf6 Kd4 47. Kf5 1-0

[Event "*** Titled Tuesday Blitz"]
[Site "Chess.com"]
[Date "2020.11.03"]
[Round "10"]
[White "Fy_Rakotomaharo"]
[Black "Chessdreamer2020"]
[Result "1-0"]
[WhiteElo "2634"]
[BlackElo "2508"]
[TimeControl "180+1"]
[EndTime "12:00:06 PST"]
[Termination "Fy_Rakotomaharo won on time"]

1. c4 d6 2. d4 e5 3. Nf3 e4 4.
Ng5 f5 5. g3 Be7 6. h4 Nf6 7.
Nc3 O-O 8. Nh3 c6 9. Nf4 a6 10. Bh3 b5 11. b3 b4 12. Na4 d5 13. O-O a5 14. c5 Na6 15. a3 Rb8 16. Bd2 Ng4 17.
axb4 Nxb4 18. Nb6 Rxb6 19. cxb6 Qxb6 20. e3 Ba6 21. Bxg4 Bxf1 22. Kxf1 fxg4 23. Qxg4 Bf6 24. Kg2 Nd3 25. Nxd3 exd3 26. Rxa5 Qxb3 27. Qe6+ Kh8 28. Qxc6 Qd1 29. Ra8 Be7 30. Rxf8+ Bxf8 31. Qe8 Kg8 32.
Qe6+ Kh8 33. Qf7 h6 34. Qxf8+ Kh7 35. Qf5+ Kh8 36. Qxd3 Qg4 37. f3 Qc8 38. e4 Qb7 39.
e5 Qf7 40. f4 Qa7 41. f5 Qe7 42. Qf3 Qb7 43. f6 Qb2 44. fxg7+ Kxg7 45. Qf6+ Kg8 46.
Qg6+ Kf8 47. Qxh6+ Ke8 48. Qf4 Qc2 49. h5 Qd3 50.
Kh3 Qb1 51. Kh4 Qh1+ 52. Kg5 Qb1 53. e6 1-0

[Event "*** Titled Tuesday Blitz"]
[Site "Chess.com"]
[Date "2020.11.03"]
[Round "10"]
[White "HouseOfDurin"]
[Black "orestn"]
[Result "0-1"]
[WhiteElo "2195"]
[BlackElo "2366"]
[TimeControl "180+1"]
[EndTime "12:00:06 PST"]
[Termination "orestn won on time"]

1. d4 d5 2. Bg5 Nf6 3. Bxf6 exf6 4. e3 Nd7 5. c4 dxc4 6. Bxc4 Nb6 7. Bd3 c5 8. dxc5 Bxc5 9. Bb5+ Bd7 10. Bxd7+ Qxd7 11. Qxd7+ Kxd7 12. Nc3 Rac8 13. O-O-O+ Ke7 14. Nge2 a6 15. Kc2 Bb4 16. Kb3 Bxc3 17. Nxc3 Rc5 18. a4 Rhc8 19.
Rd4 R8c7 20. Rhd1 f5 21. Nd5+ Nxd5 22. Rxd5 g6 23. Rxc5 Rxc5 24. h4 h5 25. Rd2 a5 26.
Rd4 b6 27. g3 Rc1 28. Rc4 Rf1 29. Rf4 Kd6 30. Kc4 Rb1 31. b3 Rb2 32. Rd4+ Ke6 33. Rd3 Rxf2 34. Kb5 Rf3 35. Kxb6 Rxg3 36. Kxa5 f4 37. b4 Rxe3 38. Rd1 f3 39. b5 f2 40. Rf1 Re2 41. Ka6 f6 42. b6 g5 43.
hxg5 fxg5 44. b7 Rb2 45. a5 g4 46. Ka7 g3 47. b8=Q Rxb8 48. Kxb8 g2 49. Rxf2 g1=Q 50.
Re2+ Kd6 51. Rd2+ Ke7 52. Rd5 Qg2 53. Rb5 Qe2 54. Rb7+ Kd8 55. Rb6 Qe3 56. Ka7 h4 57.
Kb7 h3 58. a6 Qe4+ 59. Kb8 h2 60. Rh6 Qf4+ 61. Ka8 Qxh6 62. Ka7 Qxa6+ 63. Kxa6 h1=Q 0-1

[Event "*** Titled Tuesday Blitz"]
[Site "Chess.com"]
[Date "2020.11.03"]
[Round "10"]
[White "Margarita2907"]
[Black "tk22h"]
[Result "1-0"]
[WhiteElo "2237"]
[BlackElo "2349"]
[TimeControl "180+1"]
[EndTime "12:00:06 PST"]
[Termination "Margarita2907 won by resignation"]

1. e4 e5 2. Nf3 Nc6 3. Bc4 Nf6 4. d3 Be7 5. O-O O-O 6. h3 d6 7. c3 h6 8. Nbd2 Na5 9. Bb5 a6 10. Ba4 b5 11. Bc2 c5 12. d4 cxd4 13. cxd4 Nc6 14.
d5 Nb4 15. Bb1 a5 16. a3 Na6 17. Re1 Bd7 18. Nf1 Nc5 19. Ng3 a4 20. Bc2 Rc8 21.
Be3 Qb6 22. Rc1 Rc7 23. Bb1 Rfc8 24. Qe2 Qb7 25. Rc3 Nb3 26. Rxc7 Rxc7 27. Nd2 Nxd2 28. Qxd2 Bf8 29. Rc1 Qc8 30. Rxc7 Qxc7 31. Bd3 Ne8 32.
Ne2 Be7 33. Qb4 Qb7 34. Nc3 Nc7 35. Nxa4 Na6 36. Qb3 Bd8 37. Nc3 Nc7 38. Na2 f5 39. Nb4 fxe4 40. Bxe4 Na6 41. Nxa6 Qxa6 42. Qd3 Qa4 43.
Bh7+ Kh8 44. Bf5 Be8 45. Bg6 Bd7 46. Qe2 Qb3 47. Qf3 Be7 48. Qf7 Qd1+ 49. Kh2 1-0

[Event "*** Titled Tuesday Blitz"]
[Site "Chess.com"]
[Date "2020.11.03"]
[Round "10"]
[White "GAusal"]
[Black "glebus008"]
[Result "0-1"]
[WhiteElo "2095"]
[BlackElo "2313"]
[TimeControl "180+1"]
[EndTime "12:00:07 PST"]
[Termination "glebus008 won by checkmate"]

1. d4 d5 2. Bf4 c5 3. e3 Nc6 4. c3 Nf6 5. Bd3 cxd4 6. exd4 Bg4 7. Qb3 Qc8 8. h3 Bh5 9. Nd2 e6 10. Ngf3 Bg6 11. Bb5 Be7 12. Ne5 O-O 13. Nxg6 hxg6 14. Bd3 a6 15. O-O b5 16. a3 Qd7 17. Qd1 Bd6 18. Bxd6 Qxd6 19. Nf3 Qc7 20. Re1 Rab8 21. Ne5 Nxe5 22. Rxe5 a5 23. Qe2 b4 24. axb4 axb4 25.
Rc1 bxc3 26. bxc3 Rfc8 27. c4 dxc4 28. Rxc4 Qd6 29. Rxc8+ Rxc8 30. Qe3 Rc3 31. Rc5 Nd5 32. Qd2 Rxc5 33. dxc5 Qxc5 34. Qc2 Qd6 35. Qc8+ Kh7 36.
Qb7 f5 37. Bc4 Nf4 38. Qa6 Qd1+ 39. Bf1 e5 40. Kh2 Qe1 41. Kg1 e4 42. Qc4 Nd3 43. Qd4 f4 44. g3 fxg3 45. fxg3 Qxg3+ 46. Bg2 Nf4 47. Qxe4 Nxh3+ 48. Kf1 Qf2# 0-1

[Event "*** Titled Tuesday Blitz"]
[Site "Chess.com"]
[Date "2020.11.03"]
[Round "10"]
[White "ChessWarrior7197"]
[Black "BilodeauA"]
[Result "0-1"]
[WhiteElo "2994"]
[BlackElo "2905"]
[TimeControl "180+1"]
[EndTime "12:00:08 PST"]
[Termination "BilodeauA won by resignation"]

1. e4 e5 2. Nf3 Nc6 3. Nc3 Nf6 4. Bb5 Bd6 5. d3 O-O 6. Bg5 Be7 7. Bxc6 dxc6 8.
Qe2 Nd7 9. Bxe7 Qxe7 10. O-O-O Nc5 11. Rhg1 Bg4 12. h3 Bxf3 13. Qxf3 a5 14. Qe3 Ne6 15. Ne2 a4 16. Kb1 a3 17. b3 c5 18. g3 Qf6 19. c3 Qe7 20. f4 f6 21. f5 Nd8 22.
g4 Nf7 23. h4 h6 24. Kc2 Rfd8 25. Rg3 Kf8 26. Ng1 Ke8 27. Nf3 Kd7 28. g5 hxg5 29. hxg5 Kc6 30. gxf6 gxf6 31. Rg6 b6 32. Nd2 Kb7 33.
Nc4 Nd6 34. Nd2 Rh8 35. Rdg1 Rh7 36. R1g2 Rah8 37. Qe2 Qd8 38. Nf1 Nb5 39. Qd2 Rh1 40.
Rg1 Rxg1 41. Rxg1 Rh3 42. Rg3 Rh1 43. Qg2 Qh8 44. Rg8 Qh4 45. Rg4 Qe1 46. Qxh1 Qxc3+ 47. Kd1 Qxd3+ 48. Nd2 Nc3+ 49. Kc1 Nxa2+ 50. Kd1 Nc3+ 51. Kc1 Ne2+ 52. Kd1 a2 0-1

[Event "*** Titled Tuesday Blitz"]
[Site "Chess.com"]
[Date "2020.11.03"]
[Round "10"]
[White "tsaruk_maks"]
[Black "Frogo47"]
[Result "1-0"]
[WhiteElo "2585"]
[BlackElo "2457"]
[TimeControl "180+1"]
[EndTime "12:00:10 PST"]
[Termination "tsaruk_maks won on time"]

1. e4 c6 2. d4 d5 3. Nd2 dxe4 4. Nxe4 Nf6 5. Nxf6+ exf6 6. c3 Bd6 7. Bd3 O-O 8.
Qc2 Re8+ 9. Ne2 h5 10. O-O h4 11. h3 Nd7 12. Be3 Nf8 13. c4 Bc7 14. Rfe1 Be6 15. Rad1 Ba5 16. Nc3 Bc7 17. d5 cxd5 18. cxd5 Bxh3 19.
gxh3 Qd6 20. f4 Rxe3 21. Rxe3 Bb6 22. Qf2 Re8 23. Rde1 Rxe3 24. Rxe3 Qc5 25. Nd1 Qxd5 26. Kh2 Bxe3 27. Qxe3 Ne6 28. Nc3 Qd6 29. Ne2 b6 30. Kg2 Qd5+ 31. Qe4 Qxa2 32. Bc4 Qxb2 33. Bxe6 fxe6 34.
Qxe6+ Kh8 35. Kf3 a5 36. Kg4 a4 37. Kh5 Qb3 38. f5 Qf3+ 39. Kg6 Qg2+ 40. Kf7 Qxh3 41. Nf4 Qb3 42. Nd5 1-0

[Event "*** Titled Tuesday Blitz"]
[Site "Chess.com"]
[Date "2020.11.03"]
[Round "10"]
[White "paulrusan"]
[Black "GMaka"]
[Result "0-1"]
[WhiteElo "2214"]
[BlackElo "2414"]
[TimeControl "180+1"]
[EndTime "12:00:10 PST"]
[Termination "GMaka won on time"]

1. e4 c6 2. d4 d5 3. f3 Qb6 4. c3 dxe4 5. fxe4 e5 6. Nf3 exd4 7. cxd4 Bb4+ 8. Nc3 Nf6 9. e5 Nd5 10. Bd2 O-O 11. Bd3 Bg4 12. Bxh7+ Kh8 13. Be4 Ne7 14.
h3 Bf5 15. Qc2 Bxe4 16. Qxe4 Ng6 17. O-O Nd7 18. e6 Nf6 19. Qf5 Ne7 20. Qg5 fxe6 21. Qh4+ Kg8 22. Rae1 Nf5 23. Qg5 Rae8 24. Na4 Qa5 25.
Bxb4 Qxb4 26. b3 Nxd4 27. Nxd4 Qxd4+ 28. Kh1 e5 29. Rd1 Ne4 30. Rxf8+ Rxf8 31. Rxd4 Nxg5 32.
Rd7 Rf7 33. Nc5 b6 34. Rxf7 Kxf7 35. Nd3 Ke6 36. Kg1 Kd5 37. Kf2 Kd4 38. Ke2 Ne4 39.
Nb4 c5 40. Nc6+ Kd5 41. Nxa7 Nc3+ 42. Kd3 Nxa2 43. Nb5 Nc1+ 44. Kc2 Ne2 45. g4 Nd4+ 46. Nxd4 cxd4 47. h4 Ke4 48. h5 Kf4 49. Kd3 Kxg4 50. Ke4 Kxh5 51. Kxe5 d3 0-1

[Event "*** Titled Tuesday Blitz"]
[Site "Chess.com"]
[Date "2020.11.03"]
[Round "10"]
[White "Chernobay_Artem"]
[Black "RobertoJBM"]
[Result "0-1"]
[WhiteElo "2626"]
[BlackElo "2792"]
[TimeControl "180+1"]
[EndTime "12:00:12 PST"]
[Termination "RobertoJBM won by resignation"]

1. d4 d5 2. c4 c6 3. Nf3 Nf6 4. Nc3 dxc4 5. a4 Bf5 6. e3 e6 7.
Bxc4 Nbd7 8. O-O Bb4 9. Qe2 Bg6 10.
e4 O-O 11. Rd1 Bxc3 12. bxc3 Bxe4 13. Ng5 Bg6 14. Ba3 Re8 15. Nf3 Nd5 16. Qd2 Bh5 17.
Be2 Qf6 18. Bd6 Bxf3 19. Bxf3 e5 20. dxe5 Nxe5 21. Bxe5 Rxe5 22. c4 Nf4 23. Rab1 b6 24. Qd6 Qxd6 25. Rxd6 Rc8 26. Bxc6 g6 27. g3 Rc5 28.
Bd7 Ne2+ 29. Kf1 Nc3 30. Rc1 Ne4 31. Rd4 R8c7 32. Bg4 Rxc4 33. Rcxc4 Rxc4 34. Rd8+ Kg7 35. Bf3 Nc5 36. a5 bxa5 37. Ra8 a4 38. Rxa7 Rd4 39. Bc6 Rd6 40. Bb5 h5 41. Kg2 Rf6 42. Bxa4 Ne4 43. f4 Rb6 44. Bc2 Rb2 45. Rc7 Nd6 46. Kf3 Nb5 47.
Rc4 Rxc2 0-1

[Event "*** Titled Tuesday Blitz"]
[Site "Chess.com"]
[Date "2020.11.03"]
[Round "10"]
[White "LubovMarkelova"]
[Black "Manukyan_Artak"]
[Result "0-1"]
[WhiteElo "2232"]
[BlackElo "2411"]
[TimeControl "180+1"]
[EndTime "12:00:12 PST"]
[Termination "Manukyan_Artak won on time"]

1. Nf3 d5 2. d4 c6 3. c4 Nf6 4. e3 Bg4 5. h3 Bh5 6. g4 Bg6 7.
Ne5 Nbd7 8. Nxg6 hxg6 9. Bg2 dxc4 10. Nd2 Nb6 11. a4 a5 12. Qc2 e6 13. O-O Qd6 14.
f4 Qb4 15. b3 cxb3 16. Nxb3 Nfd5 17. Ba3 Qc4 18. Qxc4 Nxc4 19. Bxf8 Kxf8 20. e4 Nde3 21. Rf2 Nxg2 22. Kxg2 Ke7 23. Rc1 Nb6 24. Nc5 Ra7 25. Rb1 Nd7 26. Nxb7 Rb8 27. Rfb2 f6 28. Kf3 g5 29. f5 exf5 30. gxf5 Rh8 31. Kg3 Rh4 32. Re2 Ra8 33. Nc5 Nxc5 34. dxc5 Rd8 35. Rb7+ Rd7 36.
Rxd7+ Kxd7 37. Rd2+ Kc7 38. Rd4 Rf4 39. h4 Rxh4 40.
Rc4 Rf4 41. Rd4 Rf1 42. Rd6 Rc1 43. Re6 Rxc5 44. Re7+ Kd6 45. Rxg7 Rc4 46. Rf7 Rxe4 47. Rxf6+ Ke5 48. Rxc6 Kxf5 49. Rc5+ Re5 50. Rc4 Re3+ 51.
Kf2 Re4 52. Rc5+ Re5 53. Rc4 g4 0-1

[Event "*** Titled Tuesday Blitz"]
[Site "Chess.com"]
[Date "2020.11.03"]
[Round "10"]
[White "MokshanovAlexey"]
[Black "crazy_but_lazy"]
[Result "1-0"]
[WhiteElo "2601"]
[BlackElo "2461"]
[TimeControl "180+1"]
[EndTime "12:00:13 PST"]
[Termination "MokshanovAlexey won by checkmate"]

1. e4 c6 2. d4 d5 3. e5 c5 4.
dxc5 e6 5. a3 Nc6 6. Nf3 Bxc5 7.
b4 Bb6 8. Bd3 f6 9. Bb2 fxe5 10.
Nxe5 Qg5 11. Qg4 Qxg4 12. Nxg4 Nf6 13. Nxf6+ gxf6 14. Bxf6 O-O 15. Bh4 a5 16. b5 Ne5 17.
O-O Bd4 18. Ra2 Nxd3 19. cxd3 e5 20. Nd2 Bf5 21. Nf3 Bxd3 22. Re1 Bc3 23. Nxe5 Be4 24.
Rxe4 dxe4 25. Nc4 Rac8 26. Ne3 Bd4 27. h3 Rc1+ 28. Kh2 Be5+ 29. Bg3 Bxg3+ 30. Kxg3 Rc3 31. a4 Rd3 32. Rc2 Rd4 33. Rc7 Rxa4 34. Rxb7 Rb4 35. b6 a4 36. Nd5 Rb3+ 37. Kg4 Rxf2 38.
g3 Rff3 39. Ra7 Rxg3+ 40. Kf4 Rgf3+ 41. Kxe4 Rxh3 42. b7 a3 43. Rxa3 Rxb7 44. Rxh3 Kg7 45. Rg3+ Kh8 46. Kf5 Ra7 47. Nf6 h5 48. Rg8# 1-0

[Event "*** Titled Tuesday Blitz"]
[Site "Chess.com"]
[Date "2020.11.03"]
[Round "10"]
[White "AnishOnYoutube"]
[Black "Firouzja2003"]
[Result "0-1"]
[WhiteElo "2967"]
[BlackElo "3072"]
[TimeControl "180+1"]
[EndTime "12:00:14 PST"]
[Termination "Firouzja2003 won by checkmate"]

1. d4 g6 2. e4 f6 3. Nc3 Nh6 4. h4 Nf7 5. h5 g5 6. Bd3 e6 7.
Nge2 Nc6 8. Be3 Nb4 9. Bc4 d5 10.
Bb3 c6 11. Qd2 h6 12. a3 Na6 13. f4 Bg7 14. O-O-O O-O 15. g4 b5 16. f5 b4 17.
axb4 Nxb4 18. Ng3 Rb8 19. Na4 Re8 20. Kb1 exf5 21. gxf5 dxe4 22. Nc5 Nd5 23. Rhf1 Nd6 24. Rde1 Kh8 25. Bg1 Qb6 26. Ngxe4 Nxe4 27. Rxe4 Rxe4 28. Nxe4 Qa6 29. Qd1 Nf4 30. Nc5 Qa5 31. Bh2 Bxf5 32. Bxf4 gxf4 33. Rxf4 Re8 34. Rf1 Bh3 35. Rg1 f5 36. c3 Bg4 37. Rxg4 fxg4 38. Qxg4 Qd8 39. Be6 Qf6 40. Bf5 Re1+ 41. Kc2 Rf1 42. Bd3 Rf2+ 43. Kb3 Bf8 44. Ne6 a5 45. Qe4 Qf7 46. Ka4 Rf6 47.
Nxf8 Qa2# 0-1

[Event "*** Titled Tuesday Blitz"]
[Site "Chess.com"]
[Date "2020.11.03"]
[Round "10"]
[White "Vuk2000"]
[Black "TST2014"]
[Result "0-1"]
[WhiteElo "2625"]
[BlackElo "2521"]
[TimeControl "180+1"]
[EndTime "12:00:16 PST"]
[Termination "TST2014 won on time"]

1. d4 Nf6 2. Bg5 d5 3. Bxf6 exf6 4. e3 Bd6 5. c4 dxc4 6. Bxc4 O-O 7. Nf3 f5 8. Nc3 Nd7 9. O-O Nf6 10. Nb5 Be7 11. d5 a6 12. Nc3 b5 13. Bb3 Bb7 14. Qd4 b4 15. Ne2 Bxd5 16. Bxd5 Qxd5 17. Rac1 c5 18. Qxd5 Nxd5 19. Ne5 Rac8 20. Rfd1 Rfd8 21. Nc4 g6 22. Kf1 h5 23. g3 h4 24. Nf4 Nxf4 25. gxf4 Bf6 26.
Ke2 Kg7 27. b3 Bc3 28. Nb6 Rxd1 29. Rxd1 Rc6 30. Nc4 a5 31. Rd6 Rxd6 32. Nxd6 Bb2 33.
Nc4 Bf6 34. Nxa5 Be7 35. h3 f6 36. Kd3 Kf7 37. f3 Ke6 38. Nc4 Kd5 39. e4+ fxe4+ 40. fxe4+ Kc6 41. Ne3 Bd6 42. f5 g5 43. Ng4 Be5 44.
Kc4 Bd4 45. Kd3 Kd6 46. Kc4 Kc6 47. Nh6 Kd6 48. Kd3 Ke5 0-1

[Event "*** Titled Tuesday Blitz"]
[Site "Chess.com"]
[Date "2020.11.03"]
[Round "10"]
[White "Witik"]
[Black "Gerodot71"]
[Result "1-0"]
[WhiteElo "2620"]
[BlackElo "2487"]
[TimeControl "180+1"]
[EndTime "12:00:16 PST"]
[Termination "Witik won by resignation"]

1. e4 e5 2. f4 exf4 3. Bc4 c6 4. Nc3 Nf6 5. Bb3 d5 6. exd5 cxd5 7. d4 Bd6 8. Nf3 Nc6 9. O-O Be6 10. Ng5 Qc7 11. Nb5 Qb8 12. Nxd6+ Qxd6 13. Bxf4 Qd7 14. c3 O-O 15. Nxe6 fxe6 16. Bc2 Rf7 17. Qe2 Raf8 18. Rae1 Re7 19. Bg5 Nd8 20. Rf3 Ref7 21. Ref1 a6 22. Bd3 b5 23. h3 Nb7 24. Re1 Re7 25. Re3 Nd8 26. a4 bxa4 27. Bxa6 Ref7 28. Bb5 Qd6 29. Bxa4 Ne4 30. Bxd8 Qxd8 31. Rxe4 dxe4 32. Qxe4 Qb6 33. b4 Qc7 34. Bb3 Kh8 35. Bxe6 Re7 36. c4 Qb6 37. c5 Qxb4 38. c6 Ra7 39. d5 Qc5+ 40. Kh2 Ra2 41. Qe5 h6 42. Re3 Ra1 43. c7 Qc1 44. d6 Qg1+ 45.
Kg3 Raa8 46. d7 Ra5 47. d8=Q Rxe5 48. Qxf8+ Kh7 49. Rxe5 Qe1+ 50. Rxe1 1-0

[Event "*** Titled Tuesday Blitz"]
[Site "Chess.com"]
[Date "2020.11.03"]
[Round "10"]
[White "woodhy"]
[Black "MF1966Idrisov"]
[Result "1-0"]
[WhiteElo "2484"]
[BlackElo "2362"]
[TimeControl "180+1"]
[EndTime "12:00:17 PST"]
[Termination "woodhy won on time"]

1. e4 c5 2. Nf3 Nc6 3. d4 cxd4 4.
Nxd4 Nf6 5. Nc3 g6 6. Bg5 Bg7 7. Bc4 Qa5 8. Bxf6 Bxf6 9. Ne2 O-O 10. O-O d6 11. h3 Qc5 12. Bb3 Nd4 13. Nd5 Nxe2+ 14.
Qxe2 Bxb2 15. Nxe7+ Kg7 16. Rad1 Be6 17. Qd2 Bc3 18.
Qd3 Rad8 19. Kh1 Qg5 20. Qxc3+ Kh6 21. Nd5 f5 22. exf5 Rxf5 23. Qe3 Rdf8 24. Qxg5+ Kxg5 25. f4+ Kh4 26. Kh2 R5f7 27. g3+ Kh5 28. Ne3 Bxb3 29.
axb3 Re7 30. Rd3 Rfe8 31. Rf3 d5 32. g4+ Kh6 33. c3 a5 34. Kg3 b5 35. g5+ Kg7 36.
Nxd5 Re1 37. Rfe3 a4 38. Rxe8 Rxe8 39. bxa4 bxa4 40. c4 Rc8 41. Ne3 Kf7 42. Ra3 Ra8 43. Kf3 Ke6 44. Ke4 Kd6 45. Kd4 Kc6 46. Nd5 Ra7 47.
Nc3 Rd7+ 48. Nd5 Ra7 49. Ke5 Kc5 50. Kf6 Kxc4 51. Rxa4+ Rxa4 52. Nb6+ 1-0

[Event "*** Titled Tuesday Blitz"]
[Site "Chess.com"]
[Date "2020.11.03"]
[Round "10"]
[White "lacafi"]
[Black "akanga001"]
[Result "1-0"]
[WhiteElo "2090"]
[BlackElo "1927"]
[TimeControl "180+1"]
[EndTime "12:00:17 PST"]
[Termination "lacafi won by checkmate"]

1. d4 d5 2. Nf3 e6 3. e3 Nf6 4.
Bd3 Be7 5. Nbd2 O-O 6. O-O b6 7. Qe2 Bb7 8. e4 dxe4 9. Nxe4 c5 10. dxc5 bxc5 11. Re1 Nc6 12. Neg5 Nd4 13. Nxd4 cxd4 14. Bf4 Qd5 15. Nf3 Qh5 16. Nxd4 Qd5 17. Nf3 Rac8 18. a3 a5 19. Rad1 Qc5 20. Be5 Ng4 21. Bc3 Qh5 22. h3 Nf6 23. Ne5 Qxe2 24. Rxe2 Rfd8 25. Bxa5 Rd5 26. Bc3 Bxa3 27. Ra1 Bf8 28. Ra7 Rc7 29. Ba5 Bc5 30. Bxc7 Bxa7 31. c4 Rd4 32. b4 Nh5 33. g3 f6 34. Ra2 fxe5 35. Rxa7 Bc6 36. Be2 Nf6 37. Bxe5 Rd2 38. Bf1 Rd1 39. Ra1 Rd2 40. b5 Be4 41. Rc1 Rb2 42. c5 Rb4 43. Bc3 Rb3 44. Bc4 Ra3 45. Bxe6+ Kf8 46. c6 Ne8 47. Bb4+ Nd6 48. Bxd6+ Ke8 49.
Bxa3 Kd8 50. Bd6 Bxc6 51. bxc6 g6 52. c7+ Ke8 53. c8=R# 1-0

[Event "*** Titled Tuesday Blitz"]
[Site "Chess.com"]
[Date "2020.11.03"]
[Round "10"]
[White "Sven_Tica"]
[Black "kirillshevchenko"]
[Result "0-1"]
[WhiteElo "2702"]
[BlackElo "2872"]
[TimeControl "180+1"]
[EndTime "12:00:19 PST"]
[Termination "kirillshevchenko won by resignation"]

1. d4 Nf6 2. c4 g6 3. Nc3 d5 4.
Bf4 Bg7 5. e3 c5 6. dxc5 Qa5 7.
Rc1 dxc4 8. Bxc4 O-O 9. Ne2 Qxc5 10. Qb3 Qa5 11. O-O Nbd7 12. Rfd1 Nb6 13. Bc7 Bd7 14. Nd5 Nfxd5 15. Rxd5 Qa4 16. Bxb6 axb6 17. Qxa4 Bxa4 18. Bb5 e6 19. Bxa4 exd5 20. Bb3 Rac8 21. Rd1 Bxb2 22. Bxd5 Rc2 23. Kf1 Be5 24. g3 Kg7 25.
Rb1 Rd8 26. e4 Bb2 27. Rd1 b5 28. Nd4 Bxd4 29. Rxd4 Rc5 30. Rb4 b6 31. Ke2 f5 32.
f3 Kf6 33. Ke3 fxe4 34. Bxe4 Rd1 35. h4 h6 36. Kf4 g5+ 37. hxg5+ hxg5+ 38. Kg4 Rd2 39. a4 bxa4 40. Rxb6+ Ke7 41. Ra6 Rd4 42. Ra7+ Kd6 43.
Ra6+ Kc7 44. Kh5 Rb4 45. g4 Rd4 46. Ra8 Kb6 47. Kg6 Kb5 48. Bf5 Kb4 49. Bd7 Rxd7 0-1

[Event "*** Titled Tuesday Blitz"]
[Site "Chess.com"]
[Date "2020.11.03"]
[Round "10"]
[White "MasterKroket"]
[Black "Keures"]
[Result "1-0"]
[WhiteElo "2434"]
[BlackElo "2325"]
[TimeControl "180+1"]
[EndTime "12:00:19 PST"]
[Termination "MasterKroket won on time"]

1. d4 Nf6 2. c4 c5 3. d5 b5 4. cxb5 a6 5. bxa6 g6 6. Nc3 Bxa6 7. e4 Bxf1 8. Kxf1 d6 9. Nf3 Nbd7 10. g3 Bg7 11. Kg2 O-O 12. a4 Qa5 13. Qc2 Rfb8 14. Ra3 Qb4 15. h3 Nb6 16. Rb3 Qa5 17. Rb5 Qa6 18.
Bg5 h6 19. Bf4 Ne8 20. Nd2 Nc7 21. Rb3 Nc4 22. Rxb8+ Rxb8 23. Nxc4 Qxc4 24. Bd2 Na6 25. a5 Nb4 26. Qa4 Bxc3 27. Bxc3 Qxe4+ 28. Kh2 Qxd5 29. a6 Ra8 30. Bxb4 cxb4 31. Rc1 Qd2 32. Rc2 Qd4 33.
Qc6 Qa7 34. Qe4 e5 35. Rc6 Qxf2+ 36. Kh1 Rd8 37. Qd5 Qxg3 38. Rc7 Qxh3+ 39. Kg1 Qg3+ 40. Kh1 Qe1+ 41. Kh2 Qf2+ 42. Kh1 e4 43. a7 e3 44. a8=Q Rxa8 45. Qxa8+ Kg7 46. Rc8 Qf1+ 47. Kh2 Qf2+ 48.
Qg2 Qf4+ 49. Qg3 1-0

[Event "*** Titled Tuesday Blitz"]
[Site "Chess.com"]
[Date "2020.11.03"]
[Round "10"]
[White "Morshynska"]
[Black "Nemsko"]
[Result "0-1"]
[WhiteElo "2255"]
[BlackElo "2381"]
[TimeControl "180+1"]
[EndTime "12:00:19 PST"]
[Termination "Nemsko won by resignation"]

1. Nf3 Nf6 2. g3 d5 3. Bg2 e6 4.
O-O c5 5. c4 d4 6. b4 Nc6 7.
bxc5 Bxc5 8. e3 O-O 9. d3 e5 10. Na3 a6 11. Nc2 Bg4 12. h3 Bh5 13. Rb1 Rb8 14.
g4 Bg6 15. e4 b5 16. cxb5 axb5 17. Nd2 h5 18. Nb3 Be7 19. Bf3 h4 20. Bg2 Nd7 21. f4 exf4 22. Bxf4 Ra8 23. Rb2 Nb6 24. Ne1 Na4 25.
Rc2 Nc3 26. Qf3 Nb4 27. Rcf2 Rxa2 28. Kh1 Rxf2 29. Rxf2 Qd7 30. Be5 Nc6 31. Bf4 Qe6 32. Bd2 Qxb3 33. g5 Nd1 34. Rf1 Ne5 35. Qf4 Nxd3 36. Qxh4 N3f2+ 37. Kh2 Nd3 38. Nf3 Ne3 39. Rg1 Nxg2 40. Rxg2 Bd6+ 41. Kh1 Qd1+ 42. Ng1 Ne5 43. Qf2 Nf3 44. Qxf3 Qxf3 45. Nxf3 Bxe4 46. Rf2 Re8 47. Kg1 d3 48. Ne1 Bc5 49. Kf1 Bxf2 50. Kxf2 Rb8 51. Bb4 Bf5 52. Ke3 Re8+ 53. Kd2 Re2+ 54. Kd1 Rh2 55.
h4 Rxh4 56. Nf3 Rxb4 0-1

[Event "*** Titled Tuesday Blitz"]
[Site "Chess.com"]
[Date "2020.11.03"]
[Round "10"]
[White "Roza_Idrisova"]
[Black "UmarovSabir"]
[Result "0-1"]
[WhiteElo "2190"]
[BlackElo "2310"]
[TimeControl "180+1"]
[EndTime "12:00:20 PST"]
[Termination "UmarovSabir won on time"]

1. d4 g6 2. Nf3 Bg7 3. c4 c6 4.
e4 d6 5. Be2 Bg4 6. O-O Qb6 7. d5 Nd7 8. Qc2 Ngf6 9. Nc3 O-O 10.
Be3 Qc7 11. Rac1 Rac8 12. Qd2 Nc5 13. Qc2 Nfd7 14. b4 Na6 15. a3 Bxf3 16. Bxf3 Ne5 17.
Be2 c5 18. b5 Nb8 19. f4 Ned7 20. Qd3 Nf6 21. Bf2 Nbd7 22. Bg3 Rcd8 23. Bf3 e5 24.
fxe5 Nxe5 25. Bxe5 dxe5 26. a4 Ne8 27. Ra1 Nd6 28.
a5 f5 29. a6 b6 30. Rac1 Qe7 31. g3 f4 32. Bg2 Qd7 33. gxf4 exf4 34. Bh3 Qe7 35. Be6+ Kh8 36. Ne2 Be5 37. Kh1 Qh4 38. Qf3 Rde8 39. Rg1 Re7 40. Rg4 Qf6 41. Rcg1 Rxe6 42.
dxe6 Qxe6 43. Qh3 Kg8 44. Qh4 Bg7 0-1

[Event "*** Titled Tuesday Blitz"]
[Site "Chess.com"]
[Date "2020.11.03"]
[Round "10"]
[White "Happy1712Drummer"]
[Black "szefru"]
[Result "0-1"]
[WhiteElo "2172"]
[BlackElo "2256"]
[TimeControl "180+1"]
[EndTime "12:00:20 PST"]
[Termination "szefru won on time"]

1. e4 Nf6 2. e5 Nd5 3. Nf3 d6 4. d4 g6 5. Bc4 c6 6. O-O Bg7 7.
h3 O-O 8. Re1 dxe5 9. Nxe5 Nd7 10. Nf3 N7b6 11. Bf1 Bf5 12. c3 Re8 13. Bg5 Qc7 14.
Qd2 Nd7 15. c4 N5f6 16. Nc3 Rad8 17. Bf4 Qc8 18. g4 e5 19. Nxe5 Nxe5 20. Bxe5 Be6 21. Qf4 Nd7 22. Bxg7 Kxg7 23. d5 cxd5 24. cxd5 Bxg4 25.
hxg4 h6 26. Ne4 Qc2 27. Nd6 Rf8 28. Re7 Nf6 29. Nxb7 Nxd5 30. Qd4+ Kg8 31. Re2 Qc6 32. Nxd8 Rxd8 33. Qe4 Kg7 34. Rae1 Qb6 35. Bg2 Nf6 36. Qe5 Rd4 37. Re4 Rxe4 38. Bxe4 Qb4 39. Bg2 a5 40. Qg3 Qxe1+ 41. Kh2 Qd2 42. Bf3 Qxb2 43.
Kg2 Qxa2 44. Qe5 Qc2 45. g5 hxg5 46. Qxg5 a4 47. Qe3 a3 48. Bd1 Qxd1 49. Qe5 Qd5+ 0-1